cohdb
Replays
Latest Replays
All Replays
Popular Replays
Top Player Replays
Match Explorer
How It Works
Community
CoH3 Stats
Reddit
Sign in to upload your games and track your stats! →
Sign in with Steam
Match 27509835
Unlisted
Match 27509835
Overview
Messages
Build Orders
End
Panzergrenadier Squad
Selects Italian Infantry
Panzergrenadier Squad
250 Light Carrier
Construct Light Support Kompanie
2.5-tonne Medical Truck
Fire Support Elements
Combat Half-tracks
Selects Guastatori Squad
Guastatori Squad
Panzerjäger Mechanized Group
Guastatori Squad
Construct Panzerarmee Kommand
Panzer III L Medium Tank
Selects Registered Artillery
Selects Towed Cannone da 105/28 Field Howitzer
Selects Sound the Alarm
Selects Territory Booby Traps
Panzer III L Medium Tank
MMMMMMMMMMMM
JOSEPH
IIISVKIII
pieri.nicola97
网上邻居
Seeder
0
0
Comments
sign in to comment!
No comments posted yet!